 Dungeon Crawl Stone Soup version 0.31-a0-155-gb63f529262 (webtiles) character file.

Game seed: 4190641124431979575

210 Ijustatesigmund the Stinger (level 5, -1/33 HPs)
             Began as an Octopode Venom Mage on June 12, 2023.
             Slain by a black bear (4 damage)
             ... on level 4 of the Dungeon.
             The game lasted 00:07:15 (3300 turns).

Ijustatesigmund the Stinger (Octopode Venom Mage)   Turns: 3300, Time: 00:07:16

Health: -1/33      AC:  1    Str:  7    XL:     5   Next: 87%
Magic:  0/9        EV: 10    Int: 19    God:
Gold:   239        SH:  0    Dex: 13    Spells: 0/10 levels left

rFire   . . .        d - +0 short sword
rCold   + . .        (no shield)
rNeg    . . .        (helmet restricted)
rPois   .            (no amulet)
rElec   .            j - ring of protection from cold
rCorr   .            g - ring of see invisible
SInv    +            (no ring)
Will    .....        (no ring)
Stlth   +++          (no ring)
HPRegen 0.25/turn    (no ring)
MPRegen 0.11/turn    (no ring)
                     (no ring)

%: no passive effects
@: very slightly contaminated, constricted
A: almost no armour, amphibious, 8 rings, camouflage 1, gelatinous body 1,
(nimble swimmer 1), tentacles
a: no special abilities


You were on level 4 of the Dungeon.
You visited 1 branch of the dungeon, and saw 4 of its levels.

You collected 239 gold pieces.

Inventory:

Hand Weapons
 d - a +0 short sword (weapon)
Missiles
 c - 2 atropa-tipped darts
Armour
 h - a +0 buckler
Jewellery
 g - a ring of see invisible (right tentacle)
 j - a ring of protection from cold (left tentacle)
Wands
 b - a wand of paralysis (10)
Scrolls
 e - a scroll of teleportation
 f - a scroll of blinking
Potions
 a - a potion of magic


   Skills:
 - Level 1.1 Fighting
 - Level 2.0 Dodging
 - Level 2.6 Stealth
 + Level 3.2 Spellcasting
 + Level 2.0 Conjurations
 - Level 1.0 Transmutations
 + Level 2.3 Air Magic
 + Level 5.0 Poison Magic


You couldn't memorise any spells.
You knew the following spells:

 Your Spells              Type           Power      Damage    Failure   Level
a - Sting                 Tmut/Pois      56%        1d5       4%          1
b - Poisonous Vapours     Pois/Air       34%        N/A       4%          2
c - Mephitic Cloud        Conj/Pois/Air  14%        N/A       12%         3
d - Olgreb's Toxic Radia  Pois           22%        N/A       19%         4

Your spell library contained the following spells:

 Spells                   Type           Power      Damage    Failure   Level
 Call Canine Familiar     Summ           3%         N/A       41%         3
 Portal Projectile        Hex/Tloc       6%         N/A       41%         3
 Leda's Liquefaction      Hex/Erth       1%         N/A       83%         4


Dungeon Overview and Level Annotations

Branches:
Dungeon (4/15)
 Temple: D:4-7

Altars:
Okawaru
Yredelemnul

Annotations:
D:3 Grinder


Innate Abilities, Weirdness & Mutations

You cannot wear most types of armour.
You are amphibious.
You can wear up to eight rings at the same time.
Your skin changes colour to match your surroundings (Stealth+).
Your rubbery body absorbs attacks. (AC +1, EV +1)
((You are camouflaged when in or above water. (Stealth+)))
You have tentacles for arms and can constrict up to eight enemies at once.


Message History

The sting hits the black bear.
The black bear is poisoned.
The black bear is lightly wounded.
You constrict the black bear. The black bear barely misses you. x2
The black bear misses you.
You hit the black bear. You squeeze the black bear.
The black bear is moderately wounded.
You constrict the black bear. The black bear barely misses you.
The black bear closely misses you. x2; The ball python closely misses you.
The ball python grabs you. The ball python constricts you.
You hit the black bear.
The black bear is heavily wounded.
You constrict the black bear, but do no damage.
The black bear bites you but does no damage.
The black bear claws you. The black bear closely misses you.
The ball python bites you. The ball python constricts you.
Okay, then.
Casting: Sting (safe; 4% risk of failure)
Confirm with . or Enter, or press ? or * to list all spells.
The spell is quite dangerous to miscast (12% risk of failure)!
Continue anyway?
Aiming: Mephitic Cloud (quite dangerous; 12% risk of failure)
Press: ? - help, Shift-Dir - straight line, f/p - black bear
Aim: a black bear (heavily wounded, constricted by you, poisoned, chance to affect: 72%) That beam is likely to hit you.
Continue anyway?
The ball explodes into a vile cloud!
The stinking cloud engulfs the black bear but does no damage.
The black bear is heavily wounded.
The stinking cloud engulfs the ball python but does no damage.
The stinking cloud engulfs you but does no damage.
You constrict the black bear, but do no damage.
You hear an angry growl.
The ball python bites you.
* * * LOW HITPOINT WARNING * * *
The ball python constricts you.
* * * LOW HITPOINT WARNING * * *
The black bear is engulfed in noxious fumes.
The black bear appears confused.
The black bear barely misses you. The black bear claws you.
* * * LOW HITPOINT WARNING * * *
The black bear claws you.
You die...

....###..##
##........##......#
..........##......#
####......##.......
##.<....<.##......#
...#..............#
####......#...."..######
.# #......###..○hS...<..
.#######.## ##@.......
..# ####.######.........
#.###....#...#..........
#..............#........
###..........>.##)######
###............# .#
.).............# .#
####...............
###.....##...#####.


You could see a black bear (confused, poisoned) and a ball python.

Vanquished Creatures
  A hound (D:3)
  A jelly (D:4)
  An orc priest (D:3)
  A sleepcap (D:4)
  2 adders (D:2)
  An ufetubus (D:3)
  A dart slug (D:2)
  7 orcs
  3 endoplasms
  3 giant cockroaches
  2 goblins
  7 hobgoblins
  6 kobolds
  4 quokkas
  5 ball pythons
  4 bats
  4 frilled lizards
  6 rats
59 creatures vanquished.

Notes
Turn   | Place    | Note
-------+----------+-------------------------------------------
     0 | D:1      | Ijustatesigmund the Octopode Venom Mage began the quest for
                  | the Orb.
     0 | D:1      | Reached XP level 1. HP: 11/11 MP: 3/3
   364 | D:1      | Reached XP level 2. HP: 17/18 MP: 0/5
   367 | D:1      | Learned a level 2 spell: Poisonous Vapours
   655 | D:1      | Reached skill level 4 in Poison Magic
   728 | D:1      | Reached skill level 1 in Fighting
  1256 | D:2      | Reached XP level 3. HP: 23/23 MP: 3/6
  1273 | D:2      | Learned a level 3 spell: Mephitic Cloud
  1290 | D:2      | Reached skill level 1 in Air Magic
  1492 | D:2      | Found a basalt altar of Yredelemnul.
  1584 | D:2      | Reached XP level 4. HP: 23/28 MP: 7/7
  2141 | D:3      | Reached skill level 1 in Conjurations
  2421 | D:3      | Noticed Grinder
  2422 | D:3      | Paralysed by Grinder for 4 turns
  2476 | D:3      | Paralysed by Grinder for 2 turns
  2805 | D:3      | Reached XP level 5. HP: 24/33 MP: 6/9
  2813 | D:3      | Learned a level 4 spell: Olgreb's Toxic Radiance
  3028 | D:4      | Reached skill level 5 in Poison Magic
  3077 | D:4      | Found an iron altar of Okawaru.
  3288 | D:4      | Noticed a black bear
  3300 | D:4      | Slain by a black bear

Illustrated notes

Levels and vault maps discovered:
D:1:      minmay_arrival_split_and_join, layout_loops_ring,
          chequers_hall_statues_y, minmay_hexomino_p4
D:2:      layout_basic, basic_altar, chequers_serial_rivers_small_a
D:3:      layout_rooms, uniq_grinder
D:4:      layout_rooms, old_standard_altar, lemuel_temple_firewalk_b

Skill      XL: |  1  2  3  4  5 |
---------------+----------------+-----
Poison Magic   | 4 5 |  5.0
Fighting       | 1 |  1.1
Air Magic      | 1 2 |  2.3
Conjurations   | 1 2 |  2.0
Spellcasting   | 3 |  3.2
Dodging        | |  2.0
Stealth        | |  2.6
Transmutations | |  1.0

Action                     |  1- 3 |  4- 6 || total
---------------------------+-------+-------++-------
  Melee: Unarmed           |     5 |       ||     5
         Tentacles         |    12 |    10 ||    22
         Constrict         |    10 |    13 ||    23
         Whip              |    36 |       ||    36
         Punch             |     1 |     3 ||     4
         Short sword       |       |    84 ||    84
   Cast: Sting             |    13 |     6 ||    19
         Poisonous Vapours |    17 |     9 ||    26
         Mephitic Cloud    |       |     1 ||     1
         Olgreb's Toxic Ra |       |     1 ||     1
  Evoke: Wand              |       |     1 ||     1
    Use: Scroll            |     6 |       ||     6
         Potion            |       |     3 ||     3
   Stab: Sleeping          |     3 |     1 ||     4
         Paralysed         |       |     4 ||     4
 Armour: Skin              |     3 |    20 ||    23
  Dodge: Dodged            |    20 |    37 ||    57

Table legend: (Time is in decaauts)
 A = Elapsed time spent in this place.
 B = Non-inter-level travel time spent in this place.
 C = Inter-level travel time spent in this place.
 D = Time resting spent in this place.
 E = Time spent auto-exploring this place.
 F = Levels seen in this place.
 G = Mean time per level.
                   A        B        C        D        E       F      G
               +--------+--------+--------+--------+--------+-----+--------+
         Total |   3287 |   3212 |     75 |    925 |   1857 |   4 |  821.8 |
       Dungeon |   3287 |   3212 |     75 |    925 |   1857 |   4 |  821.8 |
               +--------+--------+--------+--------+--------+-----+--------+

Top non-repeatable levels by time:
     D:2: 1289 daAuts
     D:1: 1143 daAuts
     D:3: 503 daAuts
     D:4: 351 daAuts
